 Dungeon Crawl Stone Soup version 0.20-b1-18-gaa2fd62 (webtiles) character file.

1703 Gorglomux the Martial Artist (level 9, -4/48 HPs)
             Began as a Vine Stalker Transmuter on May 24, 2017.
             Slain by MTVSty1e's ghost (14 damage)
             ... on level 5 of the Dungeon.
             The game lasted 00:09:29 (5214 turns).

Gorglomux the Martial Artist (VSTm)                 Turns: 5214, Time: 00:09:30

Health: -4/48      AC:  2    Str: 13    XL:     9   Next: 3%
Magic:  0/13       EV: 13    Int: 16    God:
Gold:   194        SH:  0    Dex: 15    Spells: 6/12 levels left

rFire    . . .     SeeInvis .     - Unarmed
rCold    . . .     Gourm    .   (no shield)
rNeg     . . .     Faith    .   b - +0 robe
rPois    .         Spirit   +   (no helmet)
rElec    .         Reflect  .   (no cloak)
rCorr    .         Harm     .   (no gloves)
MR       +....                  (no boots)
Stlth    +.........             e - amulet of rage {+Rage, !d}
Regen    0.6/turn               (no ring)
MPRegen  0.2/turn               (no ring)

@: no status effects
A: fangs 3, regeneration 1, magic shield, antimagic bite, no potion heal 3, rot
immunity
a: Evoke Berserk Rage


You were on level 5 of the Dungeon.
You were hungry.

You visited 1 branch of the dungeon, and saw 5 of its levels.

You collected 194 gold pieces.

Inventory:

Missiles
 a - 178 arrows
 o - a throwing net {=f, !d}
 p - 3 tomahawks of dispersal {=f}
Armour
 b - a +0 robe (worn)
 m - a +0 helmet
   (You took it off Robin on level 2 of the Dungeon)
Jewellery
 e - an amulet of rage (around neck) {+Rage, !d}
   (You found it on level 1 of the Dungeon)
Wands
 w - a wand of acid (8/15)
   (You took it off an orc on level 4 of the Dungeon)
Scrolls
 f - 6 scrolls of identify {unknown}
 g - 4 scrolls of random uselessness {unknown}
 j - 2 scrolls of remove curse {unknown}
 k - 2 scrolls of noise {unknown}
 s - 3 scrolls of enchant weapon {unknown}
 t - 2 scrolls of teleportation {unknown}
 u - a scroll of amnesia {unknown}
Potions
 i - 3 potions of curing {unknown}
 l - 2 potions of flight {unknown}
 n - a potion of cancellation {unknown}
 q - a potion of degeneration {unknown}
 r - 2 potions of lignification {unknown}
 z - a potion of heal wounds
Books
 c - a book of Changes
Comestibles
 d - 4 bread rations {@e1}
 h - a royal jelly
 v - 6 fruits
 x - 2 meat rations {@e2}
 A - 2 chunks of flesh {@w0}


   Skills:
 + Level 5.7 Fighting
 + Level 2.4 Dodging
 + Level 9.1 Unarmed Combat
 - Level 2.1 Spellcasting
 + Level 3.1 Transmutations


You had 6 spell levels left.
You knew the following spells:

 Your Spells              Type           Power        Failure   Level  Hunger
a - Beastly Appendage     Tmut           ##....       5%          1    #......
c - Spider Form           Tmut/Pois      #.........   32%         3    ###....
s - Sticks to Snakes      Tmut           ##......     9%          2    ###....


Dungeon Overview and Level Annotations

Branches:
Dungeon (5/15)
 Temple: D:4-7

Altars:
Dithmenos
Fedhas
Nemelex Xobeh
Vehumet

Shops:
D:3 [   D:4 %%[}

Annotations:
D:5 MTVSty1e's ghost, novice MiFi


Innate Abilities, Weirdness & Mutations

You have razor-sharp teeth.
Your natural rate of healing is unusually fast.
When hurt, damage is shared between your health and your magic reserves.
Your bite disrupts and absorbs the magic of your enemies.
Potions cannot restore your health.
You are immune to rotting.


Message History

MTVSty1e's ghost turns its malevolent gaze towards you.
Items here: % )) [ ÷ † a dagger; a robe; a dagger; an orc corpse; a chunk of flesh {@w0} an orc skeleton You butcher the orc corpse.
Items here: %% )) [ ÷ a dagger; a robe; a dagger; a chunk of flesh {@w0} x2; an orc skeleton
Things that are here:
a hand axe; a dagger; an orc skeleton There isn't anything to butcher here.
Items here: $ ) [ † a dagger of venom; a robe; 14 gold pieces; an orc corpse
Here: MTVSty1e's ghost A dagger.
There is something else lying underneath.
The floor, spattered with blood.
You swing at nothing.
You feel sick.
You hit MTVSty1e's ghost. MTVSty1e's ghost completely misses you.
You hit MTVSty1e's ghost.
Your transformation has ended.
Your +0 robe unmelds from your body.
MTVSty1e's ghost hits you.
You hit MTVSty1e's ghost. You bite MTVSty1e's ghost. You drain its power.
You feel invigorated. MTVSty1e's ghost hits you!
You barely miss MTVSty1e's ghost. Your bite misses MTVSty1e's ghost.
You hit MTVSty1e's ghost.
You feel sick.
You are no longer poisoned.
MTVSty1e's ghost barely misses you.
Here: MTVSty1e's ghost (moderately damaged)
A hand axe.
There is something else lying underneath.
The floor.
You see here a scroll labeled JIYFODD PAWU.
Items here: %% )) [ ÷ a dagger; a robe; a dagger; a chunk of flesh {@w0} x2; an orc skeleton
Things that are here:
a hand axe; a dagger; an orc skeleton
Items here: $ ) [ † a dagger of venom; a robe; 14 gold pieces; an orc corpse You see here a scroll labeled JIYFODD PAWU.
MTVSty1e's ghost barely misses you.
Items here: %% )) [ ÷ a dagger; a robe; a dagger; a chunk of flesh {@w0} x2; an orc skeleton
Things that are here:
a hand axe; a dagger; an orc skeleton
Items here: $ ) [ † a dagger of venom; a robe; 14 gold pieces; an orc corpse You see here a scroll labeled JIYFODD PAWU.
Items here: %% )) [ ÷ a dagger; a robe; a dagger; a chunk of flesh {@w0} x2; an orc skeleton
Things that are here:
a hand axe; a dagger; an orc skeleton
Items here: $ ) [ † a dagger of venom; a robe; 14 gold pieces; an orc corpse MTVSty1e's ghost hits you.
Things that are here:
a hand axe; a dagger; an orc skeleton You hit MTVSty1e's ghost but do no damage.
Your bite misses MTVSty1e's ghost. MTVSty1e's ghost hits you!
You hit MTVSty1e's ghost.
You bite MTVSty1e's ghost, but do no damage.
MTVSty1e's ghost closely misses you.
You barely miss MTVSty1e's ghost. MTVSty1e's ghost misses you.
You hit MTVSty1e's ghost. MTVSty1e's ghost hits you.
You barely miss MTVSty1e's ghost.
You bite MTVSty1e's ghost, but do no damage.
MTVSty1e's ghost barely misses you.
You hit MTVSty1e's ghost but do no damage.
MTVSty1e's ghost misses you.
You barely miss MTVSty1e's ghost. Your bite misses MTVSty1e's ghost.
You hit MTVSty1e's ghost. MTVSty1e's ghost hits you!
Items here: $ ) [ † a dagger of venom; a robe; 14 gold pieces; an orc corpse MTVSty1e's ghost barely misses you.
You see here an uncursed shortbow.
You are too injured to fight recklessly!
You hit MTVSty1e's ghost. You bite MTVSty1e's ghost. You drain its power.
You feel invigorated. MTVSty1e's ghost hits you.
You are too injured to fight recklessly!
You are too injured to fight recklessly!
You are too injured to fight recklessly!
You hit MTVSty1e's ghost. You closely miss MTVSty1e's ghost.
MTVSty1e's ghost hits you!
You hit MTVSty1e's ghost.
MTVSty1e's ghost shrieks, "What do you have that I didn't have?"
MTVSty1e's ghost barely misses you.
You see here a howler monkey skeleton.
You punch MTVSty1e's ghost! Your bite misses MTVSty1e's ghost.
MTVSty1e's ghost hits you!
MTVSty1e's ghost laughs, "And you think you're capable of finding the ORB?
I had it, you know.
Then I gave it away so I could steal it AGAIN."
You punch MTVSty1e's ghost! MTVSty1e's ghost barely misses you.
You punch MTVSty1e's ghost! Your punch misses MTVSty1e's ghost.
MTVSty1e's ghost hits you! MTVSty1e's ghost hits you.
You are feeling hungry.
You barely miss MTVSty1e's ghost. Your bite misses MTVSty1e's ghost.
MTVSty1e's ghost hits you!
* * * LOW HITPOINT WARNING * * *
Unknown command.
MTVSty1e's ghost hits you!
You die...

#.....##..[..##
#.###..........#
##########.###
#..#...........# #.#
##...#.........# #.##
##............# #..#
##)###.......## ##.##
#..#..........# #..##
#.#÷..........#
######..#####...#.........#
#...###..W@...###<........#
#.............# #.........#
###..........## ##.......##
####.....>.# ##.....##.
##......## #######..
#.#.....##### #.#
#.###.......#######)# #.#
##..###.....))).. #.#
#....#.###.###.#


You could see MTVSty1e's ghost.

Vanquished Creatures
  Pikel (D:4)
  Edmund (D:3)
  2 slaves (D:4)
  4 phantoms
  An ogre (D:4)
  A centaur (D:5)
  2 howler monkeys
  A crimson imp (D:4)
  A bullfrog zombie (D:5)
  2 centaur skeletons
  2 hounds (D:4)
  2 orc wizards (D:5)
  Natasha (twice) (D:2)
  A worker ant (D:4)
  A hound skeleton (D:5)
  Robin (D:2)
  A gnoll (D:5)
  3 adders
  2 oozes (D:3)
  4 worms
  5 dart slugs
  3 leopard geckos
  18 orcs
  4 bats
  4 giant cockroaches
  15 goblins
  11 hobgoblins
  6 jackals
  A quokka (D:4)
  A ball python (D:4)
  5 frilled lizards
  7 kobolds
  4 rats
119 creatures vanquished.

Vanquished Creatures (collateral kills)
  Natasha (D:2)
  A worker ant (D:4)
  A hound skeleton (D:4)
  An adder (D:4)
  A goblin (D:4)
  A hobgoblin (D:4)
  A kobold (D:4)
7 creatures vanquished.

Vanquished Creatures (others)
  An orc (D:3)
  A ball python (D:4)
2 creatures vanquished.

Grand Total: 128 creatures vanquished

Notes
Turn   | Place    | Note
-------+----------+-------------------------------------------
     0 | D:1      | Gorglomux the Vine Stalker Transmuter began the quest for the Orb.
     0 | D:1      | Reached XP level 1. HP: 9/9 MP: 4/4
    46 | D:1      | Reached skill level 1 in Fighting
   190 | D:1      | Reached XP level 2. HP: 7/14 MP: 6/6
  1026 | D:2      | Noticed Robin
  1216 | D:1      | Reached XP level 3. HP: 14/18 MP: 4/7
  1269 | D:1      | Reached skill level 2 in Fighting
  1326 | D:1      | Learned a level 2 spell: Sticks to Snakes
  1479 | D:2      | Killed Robin
  1585 | D:2      | Noticed Natasha
  1718 | D:2      | HP: 1/18 [Natasha (4)]
  1719 | D:2      | Killed Natasha
  1719 | D:2      | Reached skill level 4 in Unarmed Combat
  1719 | D:2      | Gained mutation: Your natural rate of healing is unusually fast. [Vine Stalker growth]
  1719 | D:2      | Reached XP level 4. HP: 2/23 MP: 1/8
  1875 | D:2      | Noticed Natasha
  1888 | D:2      | Killed Natasha
  2016 | D:2      | Noticed Natasha
  2023 | D:2      | HP: 4/23 [Natasha (5)]
  2025 | D:2      | Killed Natasha
  2029 | D:2      | HP: 4/23 [rat (2)]
  2110 | D:2      | Reached XP level 5. HP: 25/27 MP: 7/9
  2166 | D:2      | Found a sparkling altar of Nemelex Xobeh.
  2602 | D:3      | Found a blossoming altar of Fedhas.
  2700 | D:3      | Reached skill level 5 in Unarmed Combat
  2785 | D:3      | Found a radiant altar of Vehumet.
  2853 | D:3      | Reached skill level 3 in Fighting
  3581 | D:4      | Noticed a phantom
  3615 | D:4      | HP: 7/28 [phantom (3)]
  3622 | D:4      | Killed a phantom
  3622 | D:4      | Reached XP level 6. HP: 8/32 MP: 3/10
  3736 | D:4      | Found Pufedoc's Gadget Boutique.
  3753 | D:4      | Found Feunoz's Armour Emporium.
  3806 | D:4      | Learned a level 3 spell: Spider Form
  3818 | D:4      | Reached skill level 6 in Unarmed Combat
  3917 | D:4      | HP: 8/32 [poisoned by a worker ant]
  3922 | D:4      | HP: 5/33 [poisoned by a worker ant]
  3928 | D:4      | HP: 3/33 [poisoned by a worker ant]
  3933 | D:4      | HP: 3/33 [poisoned by a worker ant]
  3938 | D:4      | HP: 3/33 [poisoned by a worker ant]
  3945 | D:4      | HP: 5/33 [poisoned by a worker ant]
  3953 | D:4      | HP: 7/33 [poisoned by a worker ant]
  3994 | D:4      | Reached XP level 7. HP: 25/37 MP: 7/11
  4063 | D:4      | Noticed Edmund
  4123 | D:3      | Killed Edmund
  4123 | D:3      | Reached skill level 4 in Fighting
  4202 | D:4      | Reached skill level 7 in Unarmed Combat
  4301 | D:4      | Noticed Pikel
  4311 | D:4      | Killed Pikel
  4311 | D:4      | Reached skill level 5 in Fighting
  4311 | D:4      | Reached skill level 8 in Unarmed Combat
  4311 | D:4      | Gained mutation: You have razor-sharp teeth. [Vine Stalker growth]
  4311 | D:4      | Reached XP level 8. HP: 23/43 MP: 3/12
  4421 | D:4      | Found Plog's Food Boutique.
  4646 | D:4      | Found a shadowy altar of Dithmenos.
  4762 | D:4      | Found Axerr's Food Emporium.
  4842 | D:5      | Entered Level 5 of the Dungeon
  4911 | D:5      | Reached skill level 2 in Dodging
  4911 | D:5      | Reached skill level 9 in Unarmed Combat
  5068 | D:5      | Reached XP level 9. HP: 45/48 MP: 9/13
  5071 | D:5      | Reached skill level 3 in Transmutations
  5089 | D:5      | Noticed MTVSty1e's ghost (novice MiFi)
  5205 | D:5      | HP: 5/48 [MTVSty1e's ghost (13)]
  5214 | D:5      | Slain by MTVSty1e's ghost

Skill      XL: |  1  2  3  4  5  6  7  8  9 |
---------------+----------------------------+-----
Fighting       | 1 2 3 5 |  5.7
Unarmed Combat | 4 5 6 8 9 |  9.1
Dodging        | 2 |  2.4
Transmutations | 3 |  3.1
Spellcasting   | |  2.1

Action                   |  1- 3 |  4- 6 |  7- 9 || total
-------------------------+-------+-------+-------++-------
Melee: Unarmed           |    74 |   194 |   167 ||   435
       Bite              |    13 |    51 |    21 ||    85
       Punch             |     3 |     7 |     4 ||    14
       Kick              |       |     9 |     2 ||    11
       Headbutt          |       |     2 |     1 ||     3
 Cast: Sticks to Snakes  |     3 |     7 |     3 ||    13
       Beastly Appendage |       |     8 |     2 ||    10
       Spider Form       |       |     1 |    10 ||    11
 Abil: Evoke Berserk Rag |     3 |       |       ||     3
 Stab: Sleeping          |     3 |     2 |       ||     5
       Distracted        |       |     1 |       ||     1
  Eat: Chunk             |     1 |     8 |     6 ||    15
       Bread ration      |     1 |       |       ||     1
Armor: Robe              |     7 |    18 |     9 ||    34
       Skin              |       |       |     3 ||     3
Dodge: Dodged            |    51 |    98 |   105 ||   254

Vault maps used:
D:1:      moated_graveyard_arrival
D:2:      nicolae_overflow_crystal_walls, uniq_robin, uniq_natasha
D:3:      fiery_altar_vehumet, nicolae_overflow_hidden_temple
D:4:      corexii_shack_village, nicolae_dithmenos_through_a_glass_darkly,
          serial_shops, nicolae_shop_trees, shop, kennysheep_mini, shop,
          supply_closet_lemuel, uniq_pikel, uniq_edmund
D:5:      kennysheep_little_box, eat_drink_and_be_merry_uskayaw, first_bread,
          serial_shops, shop

Table legend:
 A = Turns spent in this place as a percentage of turns spent in the entire game.
 B = Non-inter-level travel turns spent in this place as a percentage of non-inter-level travel turns spent in the entire game.
 C = Inter-level travel turns spent in this place as a percentage of turns spent in this place.
 D = Turns resting spent in this place as a percentage of non-inter-level travel turns spent in this place.
 E = Turns spent auto-exploring this place as a percentage of non-inter-level travel turns spent in this place.
 F = Non-inter-level travel turns spent in this place divided by the number of levels of this place that you've seen.
                   A       B       C       D       E      F
               +-------+-------+-------+-------+-------+----------------------
         Total | 100.0 | 100.0 |   0.5 |   3.3 |   6.9 | 353.4
       Dungeon | 100.0 | 100.0 |   0.5 |   3.3 |   6.9 | 353.4
               +-------+-------+-------+-------+-------+----------------------

Table legend:
 A = Kills in this place as a percentage of kills in entire the game.
 B = Kills by you in this place as a percentage of kills by you in the entire game.
 C = Kills by friends in this place as a percentage of kills by friends in the entire game.
 D = Other kills in this place as a percentage of other kills in the entire game.
 E = Experience gained in this place as a percentage of experience gained in the entire game.
 F = Experience gained in this place divided by the number of levels of this place that you have seen.
                   A       B       C       D       E      F
               +-------+-------+-------+-------+-------+----------------------
         Total | 100.0 | 100.0 | 100.0 |  -nan | 100.0 | 486.8
       Dungeon | 100.0 | 100.0 | 100.0 |  -nan | 100.0 | 486.8
               +-------+-------+-------+-------+-------+----------------------
